 Dungeon Crawl Stone Soup version 0.25-a0-340-ga1faa1601d (webtiles) character file.

Game seed: 1875058257582810325, levelgen mode: deterministic

58 sankara the Sneak (level 3, 0/28 HPs)
             Began as a Vampire Monk on Dec 29, 2019.
             Slain by Natasha (4 damage)
             ... on level 2 of the Dungeon.
             The game lasted 00:03:54 (727 turns).

sankara the Sneak (Vampire Monk)                     Turns: 727, Time: 00:03:55

Health: 0/28       AC:  3    Str: 11    XL:     3   Next: 76%
Magic:  3/3        EV: 14    Int: 12    God:
Gold:   66         SH:  0    Dex: 16    Spells: 2/2 levels left

rFire    . . .     SeeInvis +   a - +0 spear
rCold    . . .     Gourm    .   (no shield)
rNeg     . . .     Faith    .   b - +0 robe
rPois    .         Spirit   .   (no helmet)
rElec    .         Reflect  .   (no cloak)
rCorr    .         Harm     .   (no gloves)
MR       .....                  e - +0 pair of boots
Stlth    +++.......             o - amulet of magic regeneration
HPRegen  0.29/turn              (no ring)
MPRegen  0.33/turn              (no ring)

@: regenerating quickly
A: no food, fangs 3, see invisible, unbreathing
a: Exsanguinate


You were on level 2 of the Dungeon.
You were alive.

You visited 1 branch of the dungeon, and saw 2 of its levels.

You collected 66 gold pieces.

Inventory:

Hand Weapons
 a - a +0 spear (weapon)
 n - a +0 short sword
   (You took it off a kobold on level 1 of the Dungeon)
Armour
 b - a +0 robe (worn)
 e - a +0 pair of boots (worn)
   (You found it on level 1 of the Dungeon)
Jewellery
 o - an amulet of magic regeneration (around neck)
   (You found it on level 1 of the Dungeon)
Scrolls
 c - a scroll of remove curse {unknown}
 g - a scroll of magic mapping {unknown}
 h - a scroll of teleportation {unknown}
 j - a scroll of enchant armour {unknown}
 k - a scroll of immolation {unknown}
 l - a scroll of identify {unknown}
Potions
 d - 2 potions of heal wounds {unknown}
 f - a potion of curing {unknown}
 i - 2 potions of mutation {unknown}
 m - a potion of agility {unknown}


   Skills:
 - Level 2.6 Fighting
 * Level 3.6 Polearms
 + Level 3.9 Dodging
 + Level 4.1 Stealth


You had 2 spell levels left.
You didn't know any spells.
Your spell library was empty.

Dungeon Overview and Level Annotations

Branches:
Dungeon (2/15)

Altars:

Annotations:
D:2 Natasha


Innate Abilities, Weirdness & Mutations

You do not eat.
Your natural rate of healing is unusually fast.
You have razor-sharp teeth.
You have supernaturally acute eyesight. (SInv)
You can survive without breathing.


Message History

You closely miss the hobgoblin.
The hobgoblin is severely wounded.
You hit the hobgoblin but do no damage.
The hobgoblin is severely wounded.
The hobgoblin hits you with a +0 club.
You closely miss the hobgoblin.
The hobgoblin is severely wounded.
The hobgoblin closely misses you.
You barely miss the hobgoblin.
The hobgoblin is severely wounded.
The hobgoblin hits you but does no damage.
You barely miss the hobgoblin. Your bite misses the hobgoblin.
The hobgoblin is severely wounded.
The hobgoblin hits you with a +0 club.
Attack whom?
Press: ? - help, Dir - move target cursor, f - Natasha
Aim: Natasha You reach to attack!
You hit Natasha.
Natasha is moderately wounded.
Attack whom?
Press: ? - help, Dir - move target cursor, f/p - Natasha
Aim: Natasha (moderately wounded)
You reach to attack!
You hit Natasha but do no damage.
Natasha is moderately wounded.
The hobgoblin barely misses you.
Attack whom?
Press: ? - help, Dir - move target cursor, f/p - Natasha
Aim: Natasha (moderately wounded)
The hobgoblin is in the way.
You hit the hobgoblin but do no damage.
The hobgoblin is severely wounded.
The hobgoblin hits you with a +0 club.
Attack whom?
Press: ? - help, Dir - move target cursor, f/p - Natasha
Aim: Natasha (moderately wounded)
You reach to attack!
You barely miss Natasha.
Natasha is moderately wounded.
The hobgoblin barely misses you.
Attack whom?
Press: ? - help, Dir - move target cursor, f/p - Natasha
Aim: Natasha (moderately wounded)
The hobgoblin is in the way.
You hit the hobgoblin but do no damage.
The hobgoblin is severely wounded.
The hobgoblin hits you with a +0 club.
Attack whom?
Press: ? - help, Dir - move target cursor, f/p - Natasha
Aim: Natasha (moderately wounded)
You reach to attack!
You miss Natasha.
Natasha is moderately wounded.
The hobgoblin misses you.
Attack whom?
Press: ? - help, Dir - move target cursor, f/p - Natasha
Aim: Natasha (moderately wounded)
The hobgoblin is in the way.
You hit the hobgoblin.
You kill the hobgoblin!
Natasha mewls in sadness.
Attack whom?
Press: ? - help, Dir - move target cursor, f/p - Natasha
Aim: Natasha (moderately wounded)
You hit Natasha. You bite Natasha, but do no damage.
Natasha is moderately wounded.
Natasha howls an incantation.
Natasha shimmers violently.
Natasha claws you!
Attack whom?
Press: ? - help, Dir - move target cursor, f/p - Natasha
Aim: Natasha (moderately wounded)
You closely miss Natasha.
Natasha is moderately wounded.
Natasha claws you.
Attack whom?
Press: ? - help, Dir - move target cursor, f/p - Natasha
Aim: Natasha (moderately wounded)
You barely miss Natasha.
Natasha is moderately wounded.
Natasha barely misses you.
Attack whom?
Press: ? - help, Dir - move target cursor, f/p - Natasha
Aim: Natasha (moderately wounded)
You miss Natasha.
Natasha is moderately wounded.
Natasha claws you!
* * * LOW HITPOINT WARNING * * *
Attack whom?
Press: ? - help, Dir - move target cursor, f/p - Natasha
Aim: Natasha (moderately wounded)
You barely miss Natasha.
Natasha is moderately wounded.
Natasha closely misses you.
Attack whom?
Press: ? - help, Dir - move target cursor, f/p - Natasha
Aim: Natasha (moderately wounded)
You barely miss Natasha. You bite Natasha, but do no damage.
Natasha is moderately wounded.
Attack whom?
Press: ? - help, Dir - move target cursor, f/p - Natasha
Aim: Natasha (moderately wounded)
You closely miss Natasha.
Natasha is moderately wounded.
Natasha claws you.
You die...

###....... .......[.. .#
.........####### ..#
..g...........####..###
#.#.. ...##.....#>.....
#.##.###†#...........#
......)....(........####
###.##.#.#.(.....#......
.....#.#.##..(..@h......
#....#.###...###.#####
#.#......##### #
###....###.#####
.......# #.....#
##...>.###.###.###.#
#......(...)...<†..#
##..#..##.###..#####
#..#.(##.# #..#


You could see Natasha.

Vanquished Creatures
  2 adders
  2 dart slugs
  3 leopard geckos (D:1)
  2 bats (D:1)
  4 giant cockroaches
  2 goblins (D:1)
  6 hobgoblins
  A quokka (D:2)
  3 frilled lizards (D:1)
  4 kobolds
  2 rats (D:1)
31 creatures vanquished.

Notes
Turn   | Place    | Note
-------+----------+-------------------------------------------
     0 | D:1      | sankara the Vampire Monk began the quest for the Orb.
     0 | D:1      | Reached XP level 1. HP: 17/17 MP: 1/1
    86 | D:1      | Reached skill level 3 in Polearms
    86 | D:1      | Reached XP level 2. HP: 19/23 MP: 2/2
   551 | D:2      | Reached XP level 3. HP: 28/28 MP: 3/3
   575 | D:1      | Reached skill level 4 in Stealth
   703 | D:2      | Noticed Natasha
   724 | D:2      | HP: 3/28 [Natasha (8)]
   727 | D:2      | Slain by Natasha

Levels and vault maps discovered:
D:1:      dpeg_arrival_tiny_a, layout_rooms
D:2:      layout_loops_ring, gammafunk_temple_overflow_claw, first_ration,
          minmay_tromino_mix6, uniq_natasha, uniq_robin

Skill      XL: |  1  2  3 |
---------------+----------+-----
Polearms       | 3 |  3.6
Stealth        | 4 |  4.1
Fighting       | |  2.6
Dodging        | |  3.9

Action                   || total
-------------------------++-------
Melee: Spear             ||   134
       Bite              ||    12
 Stab: Sleeping          ||     6
Armor: Robe              ||    13
Dodge: Dodged            ||    57

Table legend:
 A = Non-vault XP
 B = Vault XP
 C = Vault XP percentage of total XP
 D = Non-vault monster count
 E = Vault monster count
 F = Vault count percentage of total count
                 A         B        C        D         E       F
            +---------+---------+-------+---------+---------+-------
      Total |      65 |      19 |  22.6 |      27 |       4 |  12.9
            +---------+---------+-------+---------+---------+-------
        D:1 |      40 |      13 |  24.5 |      21 |       1 |   4.5
        D:2 |      25 |       6 |  19.4 |       6 |       3 |  33.3
            +---------+---------+-------+---------+---------+-------

Levels and vault maps discovered:
D:1:      dpeg_arrival_tiny_a, layout_rooms
D:2:      layout_loops_ring, gammafunk_temple_overflow_claw, first_ration,
          minmay_tromino_mix6, uniq_natasha, uniq_robin

Table legend:
 A = Turns spent in this place as a percentage of turns spent in the entire game.
 B = Non-inter-level travel turns spent in this place as a percentage of non-inter-level travel turns spent in the entire game.
 C = Inter-level travel turns spent in this place as a percentage of turns spent in this place.
 D = Turns resting spent in this place as a percentage of non-inter-level travel turns spent in this place.
 E = Turns spent auto-exploring this place as a percentage of non-inter-level travel turns spent in this place.
 F = Non-inter-level travel turns spent in this place divided by the number of levels of this place that you've seen.
                   A       B       C       D       E      F
               +-------+-------+-------+-------+-------+----------------------
         Total | 100.0 | 100.0 |   1.1 |  21.3 |  43.4 | 359.5
       Dungeon | 100.0 | 100.0 |   1.1 |  21.3 |  43.4 | 359.5
               +-------+-------+-------+-------+-------+----------------------

Table legend:
 A = Kills in this place as a percentage of kills in entire the game.
 B = Kills by you in this place as a percentage of kills by you in the entire game.
 C = Kills by friends in this place as a percentage of kills by friends in the entire game.
 D = Other kills in this place as a percentage of other kills in the entire game.
 E = Experience gained in this place as a percentage of experience gained in the entire game.
 F = Experience gained in this place divided by the number of levels of this place that you have seen.
                   A       B       C       D       E      F
               +-------+-------+-------+-------+-------+----------------------
         Total | 100.0 | 100.0 |   N/A |   N/A | 100.0 |  42.0
       Dungeon | 100.0 | 100.0 |   N/A |   N/A | 100.0 |  42.0
               +-------+-------+-------+-------+-------+----------------------
